cohdb
Replays
Latest Replays
All Replays
Popular Replays
Top Player Replays
Match Explorer
How It Works
Community
CoH3 Stats
Reddit
Sign in to upload your games and track your stats! →
Sign in with Steam
Pinhead Larry + Fookilla vs Scotch + Janko
Match 38779755
Overview
Messages
Build Orders
End
Scout Squad
Construct Barracks
Riflemen Squad
Riflemen Squad
Riflemen Squad
Infantry Support Center
M1918 Browning Automatic Rifles
Grenade Package
Riflemen Squad
Advanced Logistics
Survival Training
Engineer Squad
Construct Medical Station
Munitions Surplus
Construct Tank Depot
Selects Armored Battlegroup
Selects Strength in Steel
Selects Seek and Destroy
Selects UNKNOWN (2160077)
Selects Veteran Crews
Selects M31 Recovery Vehicle
Riflemen Squad
Selects War Machine
M4A3E8 Sherman Easy Eight
FooKilla
Pinhead Larry
Drink||Scotch
[82AD] Janko
0
0
Comments
sign in to comment!
No comments posted yet!